 Dungeon Crawl Stone Soup version 0.30-a0-748-ge6a52f7cba (webtiles) character file.

Game seed: 9134441389507951660

99 Dittersdorf the Covered (level 4, -9/29 HPs)
             Began as a Gargoyle Fighter on Feb 8, 2023.
             Killed by divine providence
             ... invoked by an orc priest
              (13 damage)
             ... on level 2 of the Dungeon.
             The game lasted 00:02:04 (1880 turns).

Dittersdorf the Covered (Gargoyle Fighter)          Turns: 1880, Time: 00:02:05

Health: -9/29      AC: 14    Str: 21    XL:     4   Next: 72%
Magic:  4/4        EV:  7    Int:  9    God:
Gold:   177        SH:  4    Dex:  9    Spells: 3/3 levels left

rFire   + . .      SeeInvis .    a - +0 flail
rCold   . . .      Faith    .    c - +0 buckler
rNeg    + . .      Spirit   .    k - +0 chain mail
rPois   ∞          Reflect  .    i - +0 helmet
rElec   +          Harm     .    (no cloak)
rCorr   .          Rampage  .    (no gloves)
Will    .....                    (no boots) Stlth
                                 (no amulet)
HPRegen 0.24/turn                m - ring of protection from fire
MPRegen 0.09/turn                (no ring)

@: no status effects
A: sickness immunity, AC +3, negative energy resistance 1, electricity
resistance, torment resistance 1, petrification resistance
a: no special abilities


You were on level 2 of the Dungeon.
You visited 1 branch of the dungeon, and saw 3 of its levels.

You collected 177 gold pieces.

Inventory:

Hand Weapons
 a - a +0 flail (weapon)
Missiles
 n - 6 poisoned darts (quivered)
Armour
 c - a +0 buckler (worn)
 i - a +0 helmet (worn)
 k - a +0 chain mail (worn)
Jewellery
 m - a ring of protection from fire (left hand)
 o - an amulet of faith
Scrolls
 f - a scroll of enchant weapon {unknown}
 g - 3 scrolls of identify {unknown}
 j - a scroll of fear {unknown}
 l - a scroll of immolation {unknown}
 q - 2 scrolls of enchant armour {unknown}
 r - a scroll of acquirement {unknown}
 s - a scroll of magic mapping {unknown}
 t - a scroll of amnesia {unknown}
Potions
 b - a potion of degeneration {unknown}
 d - a potion of might
 e - a potion of heal wounds {unknown}
 h - a potion of brilliance {unknown}
 p - a potion of resistance {unknown}


   Skills:
 + Level 4.0 Fighting
 + Level 2.9 Maces & Flails
 + Level 4.1 Armour
 + Level 4.0 Shields


You had 3 spell levels left.
You didn't know any spells.
Your spell library was empty.

Dungeon Overview and Level Annotations

Branches:
Dungeon (3/15)

Altars:
Makhleb


Innate Abilities, Weirdness & Mutations

You are immune to sickness and miasma.
Your stone body is resilient. (AC +3)
You are immune to poison.
You resist negative energy. (rN+)
You are resistant to electric shocks. (rElec)
You are resistant to unholy torment.
You are immune to petrification.


Message History

The orc priest is severely wounded.
The orc priest hits you but does no damage.
You barely miss the orc priest.
The orc priest is severely wounded.
The orc priest calls down the wrath of Beogh upon you.
Pain shoots through your body!
You barely miss the orc priest.
The orc priest is severely wounded.
The orc priest calls down the wrath of Beogh upon you.
Beogh smites you! The orc priest hits you with a +0 club.
* * * LOW HITPOINT WARNING * * *
You are too injured to fight recklessly!
You are too injured to fight recklessly!
You are too injured to fight recklessly!
You are too injured to fight recklessly!
You are too injured to fight recklessly!
You are too injured to fight recklessly!
You are too injured to fight recklessly!
You are too injured to fight recklessly!
You are too injured to fight recklessly!
You are too injured to fight recklessly!
You are too injured to fight recklessly!
You are too injured to fight recklessly!
You are too injured to fight recklessly!
You are too injured to fight recklessly!
You are too injured to fight recklessly!
You are too injured to fight recklessly!
You hit the orc priest but do no damage.
The orc priest is severely wounded.
The orc priest hits you with a +0 club.
* * * LOW HITPOINT WARNING * * *
You hit the orc priest but do no damage.
The orc priest is severely wounded.
The orc priest hits you with a +0 club.
* * * LOW HITPOINT WARNING * * *
You barely miss the orc priest.
The orc priest is severely wounded.
The orc priest invokes the aid of Beogh against you.
Beogh smites you!
You die...

#......†.#..#
#.##.###.###.
.......†)####
#.##.##.....#
##......##
#.##........#
.##....##
#.#####......
.####### #.#
#.....# .#
#.#####.....# .#
#########
#........#### .#
#.....o)#
########## .#
#.#####@# .# #.#
#.# ##### .#
#######.#####.#
#...#########
.###..........##.#
#.#.........#
.##.#.####.##.##.#
#...######...
...###.###.##.##.#
##.## #.... ..##
##.##.##.##.# #.#
#....
...###.###.......#
#.# #.... .##.#.##
####.########.####
##...


You could see an orc priest.

Vanquished Creatures
  3 adders (D:2)
  A dart slug (D:2)
  An orc (D:2)
  3 ball pythons
  An endoplasm (D:2)
  13 giant cockroaches
  5 goblins
  3 hobgoblins
  7 jackals
  2 quokkas (D:2)
  6 bats
  5 frilled lizards
  7 kobolds
  8 rats
65 creatures vanquished.

Notes
Turn   | Place    | Note
-------+----------+-------------------------------------------
     0 | D:1      | Dittersdorf the Gargoyle Fighter began the quest for the
                  | Orb.
     0 | D:1      | Reached XP level 1. HP: 14/14 MP: 1/1
   109 | D:1      | Reached XP level 2. HP: 18/19 MP: 2/2
   359 | D:1      | You fall into a shaft and drop 1 floor!
   360 | D:2      | yay!
   543 | D:2      | Reached XP level 3. HP: 22/24 MP: 3/3
  1001 | D:2      | Found a burning altar of Makhleb.
  1116 | D:2      | Reached XP level 4. HP: 27/29 MP: 4/4
  1880 | D:2      | Killed from afar by an orc priest

Illustrated notes

#+# #.#
#@# #.#
...
.....
##[..##
##.##
... ###


Turn 360 on D:2: yay!

Levels and vault maps discovered:
D:1:      elethiomel_arrival_fortress_basement, layout_basic, serial_glass,
          glass_columns_c, glass_columns_a
D:2:      minmay_roachtagon, layout_loops_corners, basic_altar
D:3:      layout_rooms, serial_shops, nicolae_lakefront_shop,
          basic_ecumenical_altar, minmay_fractal_squares_5

Skill      XL: |  1  2  3  4 |
---------------+-------------+-----
Armour         | 4 |  4.1
Fighting       | 4 |  4.0
Shields        | 4 |  4.0
Maces & Flails | |  2.9

Action                     |  1- 3 |  4- 6 || total
---------------------------+-------+-------++-------
  Melee: Flail             |   183 |   104 ||   287
 Armour: Scale mail        |   106 |       ||   106
         Chain mail        |    68 |    63 ||   131
  Dodge: Dodged            |   132 |    43 ||   175
  Block: Buckler           |    52 |    22 ||    74

Table legend: (Time is in decaauts)
 A = Elapsed time spent in this place.
 B = Non-inter-level travel time spent in this place.
 C = Inter-level travel time spent in this place.
 D = Time resting spent in this place.
 E = Time spent auto-exploring this place.
 F = Levels seen in this place.
 G = Mean time per level.
                   A        B        C        D        E       F      G
               +--------+--------+--------+--------+--------+-----+--------+
         Total |   1973 |   1921 |     52 |     28 |   1315 |   3 |  657.7 |
       Dungeon |   1973 |   1921 |     52 |     28 |   1315 |   3 |  657.7 |
               +--------+--------+--------+--------+--------+-----+--------+

Top non-repeatable levels by time:
     D:2: 1209 daAuts
     D:1: 753 daAuts
     D:3: 9 daAuts
